 Dungeon Crawl Stone Soup version 0.22-b1-21-g5cfc168 (webtiles) character file.

752 wojtek the Cleaver (level 7, -5/60 HPs)
             Began as a Minotaur Fighter on Aug 2, 2018.
             Killed from afar by an orc wizard (14 damage)
             ... with a puff of flame
             ... on level 5 of the Dungeon.
             The game lasted 00:04:49 (4032 turns).

wojtek the Cleaver (Minotaur Fighter)               Turns: 4032, Time: 00:04:50

Health: -5/60      AC:  7    Str: 23    XL:     7   Next: 49%
Magic:  6/6        EV: 10    Int:  5    God:
Gold:   195        SH:  0    Dex:  9    Spells: 6/6 levels left

rFire    . . .     SeeInvis .   y - +0 battleaxe (vamp)
rCold    . . .     Gourm    .   (shield currently unavailable)
rNeg     . . .     Faith    .   r - +0 scale mail
rPois    .         Spirit   .   (helmet restricted)
rElec    .         Reflect  .   (no cloak)
rCorr    .         Harm     .   (no gloves)
MR       .....                  (no boots)
Stlth    ..........             t - amulet of the acrobat
HPRegen  0.20/turn              (no ring)
MPRegen  0.10/turn              (no ring)

@: lethally poisoned (-5 -> -6), drained
A: retaliatory headbutt, horns 2
a: no special abilities


You were on level 5 of the Dungeon.
You were not hungry.

You visited 1 branch of the dungeon, and saw 5 of its levels.

You collected 195 gold pieces.

Inventory:

Hand Weapons
 a - a +0 war axe
 b - a +0 hand axe of flaming
 y - a +0 vampiric battleaxe (weapon)
Armour
 c - a +0 shield
 r - a +0 scale mail (worn)
Jewellery
 k - an uncursed ring of positive energy {unknown}
 t - an amulet of the acrobat (around neck)
Scrolls
 i - 3 scrolls of remove curse {unknown}
 j - 9 scrolls of identify {unknown}
 l - a scroll of random uselessness {unknown}
 m - 2 scrolls of amnesia {unknown}
 p - a scroll of magic mapping {unknown}
 q - 3 scrolls of enchant armour {unknown}
 s - a scroll of noise {unknown}
 u - a scroll of fear {unknown}
 x - 3 scrolls of fog {unknown}
Potions
 d - 2 potions of might
 e - 2 potions of degeneration {unknown}
 g - 2 potions of heal wounds {unknown}
 h - a potion of haste {unknown}
 n - a potion of lignification {unknown}
 o - 3 potions of curing {unknown}
 v - a potion of ambrosia {unknown}
 w - a potion of flight {unknown}
 z - a potion of berserk rage {unknown}
Comestibles
 f - 9 rations


   Skills:
 + Level 4.6(4.5) Fighting
 + Level 8.4 Axes
 + Level 4.8(4.7) Armour
 + Level 2.4(2.3) Dodging
 - Level 4.3 Shields


You had 6 spell levels left.
You didn't know any spells.
Your spell library was empty.

Dungeon Overview and Level Annotations

Branches:
Dungeon (5/15)
 Temple: D:4-7

Altars:
Fedhas
Gozag
Qazlal
Uskayaw
Xom
Zin

Shops:
D:4 :


Innate Abilities, Weirdness & Mutations

You reflexively headbutt those who attack you in melee.
You have a pair of horns on your head.


Message History

The magic dart hits you! The hound bites you.
* * * LOW HITPOINT WARNING * * *
The adder bites you but does no damage. The adder misses you.
The hound misses you. Something misses you.
You feel sick. Something barely misses you.
You closely miss something. You headbutt something. Something hits you.
* * * LOW HITPOINT WARNING * * *
Something hits you.
* * * LOW HITPOINT WARNING * * *
You barely miss something.
You feel sick.
You hear some strange, mumbled words.
A puff of flame appears from out of thin air!
The puff of flame misses you.
Unknown command.
You miss something. Something hits you but does no damage.
You hear some strange, mumbled words.
A puff of flame appears from out of thin air!
The puff of flame hits you!
You die...

## .. .###.#### #
#.......# .# #@#
... #. #.####...
.##..##h#......
......Sh..#
.##...5.)†#
##.#..#.#
...#.##.# #####
..#.....#.###.....
. ....#.......#


You could see a hound, a crimson imp, an adder and a jackal.

Vanquished Creatures
  Sigmund (D:3)
  An ogre (D:4)
  3 wights (D:4)
  4 orc priests
  A bullfrog skeleton (D:4)
  2 orc wizards (D:3)
  A worker ant (D:4)
  A gnoll (D:1)
  6 adders
  An ooze (D:3)
  3 worms
  A leopard gecko (D:2)
  6 orcs
  3 giant cockroaches
  6 goblins
  12 hobgoblins
  4 jackals (D:4)
  6 quokkas
  2 ball pythons (D:1)
  12 bats
  8 frilled lizards
  4 kobolds
  8 rats
96 creatures vanquished.

Vanquished Creatures (others)
  5 dream sheep (D:3)
5 creatures vanquished.

Grand Total: 101 creatures vanquished

Notes
Turn   | Place    | Note
-------+----------+-------------------------------------------
     0 | D:1      | wojtek the Minotaur Fighter began the quest for the Orb.
     0 | D:1      | Reached XP level 1. HP: 19/19 MP: 0/0
    19 | D:1      | Reached skill level 3 in Axes
    35 | D:1      | Reached XP level 2. HP: 21/26 MP: 1/1
    98 | D:1      | Reached skill level 4 in Axes
   347 | D:1      | Reached XP level 3. HP: 31/31 MP: 2/2
   809 | D:2      | Found a stormy altar of Qazlal.
   811 | D:2      | Noticed an air elemental
   811 | D:2      | Noticed an earth elemental
   812 | D:2      | Noticed a fire elemental
   812 | D:2      | Noticed a water elemental
  1091 | D:2      | Reached skill level 5 in Axes
  1354 | D:2      | Reached XP level 4. HP: 35/39 MP: 3/3
  1372 | D:2      | Found a hide-covered altar of Uskayaw.
  1706 | D:3      | Noticed Sigmund
  1838 | D:3      | Killed Sigmund
  1838 | D:3      | Reached skill level 7 in Axes
  1838 | D:3      | Reached XP level 5. HP: 19/45 MP: 4/4
  2295 | D:3      | Reached XP level 6. HP: 38/51 MP: 5/5
  2480 | D:3      | Found a shimmering altar of Xom.
  2480 | D:3      | Noticed a dream sheep
  2480 | D:3      | Noticed a dream sheep
  2480 | D:3      | Noticed a dream sheep
  2480 | D:3      | Noticed a dream sheep
  2480 | D:3      | Noticed a dream sheep
  2485 | D:3      | Killed a dream sheep
  2485 | D:3      | Killed a dream sheep
  2487 | D:3      | Killed a dream sheep
  2487 | D:3      | Killed a dream sheep
  2488 | D:3      | Killed a dream sheep
  2636 | D:3      | Reached skill level 8 in Axes
  2939 | D:3      | Found an opulent altar of Gozag.
  2940 | D:3      | Found a glowing silver altar of Zin.
  3026 | D:4      | Reached skill level 1 in Dodging
  3257 | D:4      | Found a blossoming altar of Fedhas.
  3316 | D:4      | Found Ighabocw's Book Boutique.
  3367 | D:4      | Reached XP level 7. HP: 38/59 MP: 6/6
  4006 | D:5      | Entered Level 5 of the Dungeon
  4032 | D:5      | Killed from afar by an orc wizard

Skill      XL: |  1  2  3  4  5  6  7 |
---------------+----------------------+-----
Axes           | 3 4 5 7 8 |  8.4
Armour         | 4 |  4.8
Dodging        | 1 2 |  2.4
Shields        | 4 |  4.3
Fighting       | 4 |  4.6

Action                   |  1- 3 |  4- 6 |  7- 9 || total
-------------------------+-------+-------+-------++-------
Melee: War axe           |    83 |   116 |    15 ||   214
       Headbutt          |    12 |    24 |     6 ||    42
       Battleaxe         |       |       |    14 ||    14
  Eat: Chunk             |     1 |     7 |       ||     8
       Ration            |       |       |     2 ||     2
Armor: Scale mail        |    30 |    43 |     9 ||    82
Dodge: Dodged            |    26 |    32 |    19 ||    77
Block: Shield            |    42 |    59 |    10 ||   111
